 Dungeon Crawl Stone Soup version 0.29.1-15-g9cfb28693d (webtiles) character file.

Game seed: 11442200192280845823

65 Buffagor the Chopper (level 3, -1/31 HPs)
             Began as a Minotaur Fighter on Apr 23, 2023.
             Slain by an orc wizard
             ... wielding a +0 dagger
              (3 damage)
             ... on level 3 of the Dungeon.
             The game lasted 00:04:29 (2564 turns).

Buffagor the Chopper (Minotaur Fighter)             Turns: 2564, Time: 00:04:30

Health: -1/31      AC:  6    Str: 20    XL:     3   Next: 92%
Magic:  2/2        EV:  9    Int:  5    God:
Gold:   201        SH:  0    Dex: 11    Spells: 2/2 levels left

rFire   . . .      SeeInvis .   a - +0 war axe
rCold   . . .      Faith    .   c - +0 buckler
rNeg    . . .      Spirit   .   q - +0 scale mail
rPois   .          Reflect  .   (helmet restricted)
rElec   .          Harm     .   (no cloak)
rCorr   .          Rampage  .   (no gloves)
Will    .....                   (no boots)
Stlth   ..........              (no amulet)
HPRegen 0.10/turn               (no ring)
MPRegen 0.08/turn               (no ring)

@: confused
A: horns 2, retaliatory headbutt
a: no special abilities


You were on level 3 of the Dungeon.
You visited 1 branch of the dungeon, and saw 3 of its levels.

You collected 201 gold pieces.

Inventory:

Hand Weapons
 a - a +0 war axe (weapon)
 b - a +0 sling
Missiles
 r - 10 stones
Armour
 c - a +0 buckler (worn)
 q - a +0 scale mail (worn)
Scrolls
 f - a scroll of teleportation {unknown}
 i - 3 scrolls of identify {unknown}
 k - a scroll of butterflies {unknown}
 l - a scroll of poison {unknown}
 m - a scroll of silence {unknown}
 n - a scroll of immolation {unknown}
 o - a scroll of enchant weapon {unknown}
 p - a scroll of vulnerability {unknown}
 s - a scroll of amnesia {unknown}
Potions
 d - a potion of might
 e - 3 potions of curing {unknown}
 g - a potion of resistance {unknown}
 h - 2 potions of lignification {unknown}
 j - a potion of mutation {unknown}
 t - a potion of invisibility {unknown}
 u - a potion of brilliance {unknown}


   Skills:
 - Level 3.6 Fighting
 + Level 5.2 Axes
 - Level 3.6 Armour
 - Level 3.6 Shields


You had 2 spell levels left.
You didn't know any spells.
Your spell library was empty.

Dungeon Overview and Level Annotations

Branches:
Dungeon (3/15)

Altars:


Innate Abilities, Weirdness & Mutations

You have a pair of horns on your head.
You reflexively headbutt those who attack you in melee.


Message History

You bump into the rock wall.
Something hits you.
You bump into the rock wall.
You feel less confused. Something hits you but does no damage.
You miss something.
You hear some strange, mumbled words.
You are confused.
Something hits you.
You bump into the rock wall.
Something hits you but does no damage.
You bump into the rock wall.
Something hits you but does no damage.
You're too confused to move!
An orc wizard appears from thin air!
Reactivating autopickup.
The orc wizard hits you but does no damage.
You closely miss the orc wizard.
The orc wizard is moderately wounded.
The orc wizard hits you but does no damage.
You barely miss the orc wizard.
The orc wizard is moderately wounded.
The orc wizard completely misses you.
You miss the orc wizard.
The orc wizard is moderately wounded.
The orc wizard hits you but does no damage.
The orc wizard hits you with a +0 dagger.
You bump into the rock wall.
You feel less confused. You block the orc wizard's attack.
You closely miss the orc wizard.
The orc wizard is moderately wounded.
The orc wizard points at you and mumbles some strange words.
The magic dart hits you!
* * * LOW HITPOINT WARNING * * *
You barely miss the orc wizard.
The orc wizard is moderately wounded.
The orc wizard casts a spell at you.
You are confused.
You bump into the rock wall.
The orc wizard closely misses you.
You closely miss the orc wizard. Your headbutt misses the orc wizard.
The orc wizard is moderately wounded.
The orc wizard hits you with a +0 dagger.
You die...

♣.♣#.# #.##.#
#.. #.##.#
#.# ♣.♣#.#
#.# #.##.#
#.# #.##.#
#.# #....#
#.#
.######.###.#
......).hho@#
.############


You could see an orc wizard and 2 jackals.

Vanquished Creatures
  An adder (D:2)
  4 orcs (D:3)
  2 ball pythons
  5 bats
  6 endoplasms
  4 giant cockroaches
  4 goblins
  4 hobgoblins
  3 jackals (D:3)
  4 kobolds
  A quokka (D:3)
  4 frilled lizards (D:1)
  3 rats
45 creatures vanquished.

Notes
Turn   | Place    | Note
-------+----------+-------------------------------------------
     0 | D:1      | Buffagor the Minotaur Fighter began the quest for the Orb.
     0 | D:1      | Reached XP level 1. HP: 19/19 MP: 0/0
   254 | D:1      | Reached skill level 3 in Axes
   506 | D:1      | Reached XP level 2. HP: 26/26 MP: 1/1
  1117 | D:2      | Reached skill level 4 in Axes
  1355 | D:2      | Reached XP level 3. HP: 26/31 MP: 2/2
  2402 | D:3      | Reached skill level 5 in Axes
  2564 | D:3      | Slain by an orc wizard

Illustrated notes

Levels and vault maps discovered:
D:1:      roderic_chinese_lattice_arrival, layout_basic, minmay_surrounded
D:2:      layout_basic
D:3:      layout_loops_ring, ebering_ecumenical_altar_box,
          hangedman_abyss_or_decor_stabs, amcnicky_mini_corridor_feature,
          minmay_fractal_squares_gapless_5

Skill      XL: |  1  2  3 |
---------------+----------+-----
Axes           | 3 4 5 |  5.2
Fighting       | |  3.6
Armour         | |  3.6
Shields        | |  3.6

Action                   || total
-------------------------++-------
Melee: War axe           ||   136
       Headbutt          ||     5
 Fire: Sling             ||    10
Throw: Stone             ||    31
Armor: Scale mail        ||    69
Dodge: Dodged            ||    61
Block: Buckler           ||    26
